 Dungeon Crawl Stone Soup version 0.20.0-8-g6b59dc7 (webtiles) character file.

177 Jannitor the Covered (level 5, -9/33 HPs)
             Began as a Gargoyle Fighter on May 30, 2017.
             Was an Initiate of Okawaru.
             Mangled by an ogre
             ... wielding a +0 giant club
              (13 damage)
             ... on level 4 of the Dungeon.
             The game lasted 00:03:49 (1882 turns).

Jannitor the Covered (Gargoyle Fighter)             Turns: 1882, Time: 00:03:50

Health: -9/33      AC: 13    Str: 25    XL:     5   Next: 57%
Magic:  5/5        EV:  7    Int:  9    God:    Okawaru [......]
Gold:   127        SH:  9    Dex:  9    Spells: 4/4 levels left

rFire    . . .     SeeInvis .   a - +0 flail
rCold    . . .     Gourm    .   c - +0 shield
rNeg     + . .     Faith    .   b - +0 scale mail
rPois    ∞         Spirit   .   l - +0 helmet (curse)
rElec    +         Reflect  .   m - +0 cloak
rCorr    .         Harm     .   (no gloves)
MR       .....                  (no boots)
Stlth    ..........             (no amulet)
Regen    0.2/turn               (no ring)
MPRegen  0.1/turn               (no ring)

@: mighty
A: negative energy resistance 1, electricity resistance, unbreathing,
petrification resistance, rot immunity, AC +4
a: Renounce Religion


You were on level 4 of the Dungeon.
You worshipped Okawaru.
Okawaru was noncommittal.
You were not hungry.

You visited 1 branch of the dungeon, and saw 4 of its levels.

You collected 127 gold pieces.

Inventory:

Hand Weapons
 a - a +0 flail (weapon)
Armour
 b - a +0 scale mail (worn)
 c - a +0 shield (worn)
 l - a cursed +0 helmet (worn)
 m - a +0 cloak (worn)
Jewellery
 e - an uncursed ring of flight {unknown}
 j - a +5 ring of evasion {unknown}
 k - an uncursed ring of magical power {unknown}
Scrolls
 h - a scroll of identify {unknown}
 o - a scroll of magic mapping {unknown}
 p - 2 scrolls of teleportation {unknown}
 r - a scroll of fog {unknown}
 t - 2 scrolls of amnesia {unknown}
Potions
 q - a potion of haste {unknown}
Comestibles
 f - 2 bread rations
 g - a meat ration
 i - a royal jelly


   Skills:
 + Level 4.2 Fighting
 + Level 3.7 Maces & Flails
 + Level 4.3 Armour
 + Level 4.0 Shields


You had 4 spell levels left.
You didn't know any spells.

Dungeon Overview and Level Annotations

Branches:
Dungeon (3/15)

Altars:
Okawaru
Sif Muna
Trog


Innate Abilities, Weirdness & Mutations

You are resistant to torment.
Your stone body is resilient. (AC +4)
You are immune to poison.
You resist negative energy. (rN+)
You are resistant to electric shocks. (rElec)
You can survive without breathing.
You are immune to petrification.
You are immune to rotting.


Message History

Unknown command.
It was a potion of curing.
You feel better.
Your shield and scale mail prevent you from hitting the ogre.
You block the ogre's attack.
You hit the ogre.
The ogre is lightly wounded.
The ogre hits you with a giant club!
You sock the ogre!
The ogre is heavily wounded.
You block the ogre's attack.
You barely miss the ogre.
The ogre is heavily wounded.
The ogre hits you with a giant club!
You feel very mighty all of a sudden. The ogre hits you with a giant club!
* * * LOW HITPOINT WARNING * * *
You thump the ogre!
The ogre is almost dead.
The ogre hits you with a giant club!
You die...

........#
........##
......#..##
....####..##
... #...### ##
##....#####
##.......##
##...#...#####
##..O@.......
##..######..
##.##..##
#.......##
#....#.).##
#...##....# #
#..##(##..# #
#...#.##..## #
#..#.###...##.#


You could see an ogre.

Vanquished Creatures
  An orc wizard (D:4)
  Natasha (D:4)
  4 gnolls
  3 adders
  An ooze (D:1)
  A worm (D:2)
  A giant cockroach (D:1)
  11 goblins
  6 hobgoblins
  9 jackals
  2 bats (D:1)
  3 frilled lizards
  6 kobolds
  9 rats
58 creatures vanquished.

Notes
Turn   | Place    | Note
-------+----------+-------------------------------------------
     0 | D:1      | Jannitor the Gargoyle Fighter began the quest for the Orb.
     0 | D:1      | Reached XP level 1. HP: 14/14 MP: 1/1
   124 | D:1      | Reached XP level 2. HP: 19/19 MP: 2/2
   468 | D:1      | Reached XP level 3. HP: 23/24 MP: 3/3
   967 | D:2      | Reached XP level 4. HP: 27/29 MP: 4/4
  1157 | D:2      | Found an iron altar of Okawaru.
  1178 | D:2      | Became a worshipper of Warmaster Okawaru
  1294 | D:2      | Found a bloodstained altar of Trog.
  1391 | D:2      | Found a deep blue altar of Sif Muna.
  1554 | D:3      | Reached XP level 5. HP: 33/33 MP: 5/5
  1597 | D:3      | You fall through a shaft!
  1659 | D:4      | Noticed Natasha
  1678 | D:4      | Killed Natasha
  1861 | D:4      | Noticed an ogre
  1882 | D:4      | Mangled by an ogre

Skill      XL: |  1  2  3  4  5 |
---------------+----------------+-----
Maces & Flails | 3 |  3.7
Fighting       | 4 |  4.2
Armour         | 4 |  4.3
Shields        | 4 |  4.0

Action                   |  1- 3 |  4- 6 || total
-------------------------+-------+-------++-------
Melee: Flail             |   129 |   148 ||   277
  Use: Potion            |       |     2 ||     2
  Eat: Chunk             |       |     4 ||     4
Armor: Scale mail        |    80 |    86 ||   166
Dodge: Dodged            |    37 |    48 ||    85
Block: Shield            |    84 |    77 ||   161
